 Dungeon Crawl Stone Soup version 0.21.1-1-g345015f (webtiles) character file.

111 Zubo the Grave Robber (level 5, -3/35 HPs)
             Began as a Human Necromancer on June 18, 2018.
             Slain by a hornet (12 damage)
             ... on level 3 of the Dungeon.
             The game lasted 00:07:19 (3590 turns).

Zubo the Grave Robber (Human Necromancer)           Turns: 3590, Time: 00:07:20

Health: -3/35      AC:  2    Str:  8    XL:     5   Next: 15%
Magic:  4/8        EV: 12    Int: 16    God:
Gold:   150        SH:  0    Dex: 14    Spells: 7/8 levels left

rFire    . . .     SeeInvis .   j - +1 short sword (drain)
rCold    . . .     Gourm    .   (no shield)
rNeg     . . .     Faith    .   a - +0 robe
rPois    .         Spirit   .   (no helmet)
rElec    .         Reflect  .   (no cloak)
rCorr    .         Harm     .   (no gloves)
MR       .....                  (no boots)
Stlth    ++........             (no amulet)
HPRegen  0.11/turn              h - ring of flight
MPRegen  0.11/turn              (no ring)

@: lethally poisoned (-3 -> -11), slowed, very slow
A: no striking features
a: Evoke Flight


You were on level 3 of the Dungeon.
You were hungry.

You visited 1 branch of the dungeon, and saw 3 of its levels.

You collected 150 gold pieces.

Inventory:

Hand Weapons
 g - a +0 whip
 j - a +1 short sword of draining (weapon)
Armour
 a - a +0 robe (worn)
Jewellery
 h - a ring of flight (left hand)
Scrolls
 d - a scroll of fog
 e - a scroll of teleportation {unknown}
 f - a scroll of fear
 l - a scroll of remove curse {unknown}
 n - a scroll of blinking {unknown}
 o - a scroll of identify
Potions
 i - a potion of brilliance {unknown}
 k - a potion of might {unknown}
 m - a potion of curing
Books
 b - a book of Necromancy

   Spells                             Type                      Level
   a - Pain                           Necromancy                   1
   b - Animate Skeleton               Necromancy                   1
   c - Vampiric Draining              Necromancy                   3
   d - Regeneration                   Charms/Necromancy            3
   e - Animate Dead                   Necromancy                   4
   f - Borgnjor's Vile Clutch         Necromancy/Earth             5
Comestibles
 c - 5 rations


   Skills:
 - Level 2.0 Dodging
 - Level 2.0 Stealth
 + Level 2.0 Spellcasting
 * Level 6.0 Necromancy


You had 7 spell levels left.
You knew the following spells:

 Your Spells              Type           Power        Failure   Level  Hunger
a - Pain                  Necr           ###.         1%          1    #......


Dungeon Overview and Level Annotations

Branches:
Dungeon (3/15)

Altars:


Message History

Casting: Pain
Confirm with . or Enter, or press ? or * to list all spells.
Aiming: Pain
Press: ? - help, Shift-Dir - straight line, f - hornet
Aim: a hornet (chance to defeat MR: 73%)
The hornet writhes in agony!
The hornet stings you but does no damage.
The hornet stings you!
You are poisoned.
You feel as though you will be slow longer.
Your magical contamination has completely faded away.
Casting: Pain
Confirm with . or Enter, or press ? or * to list all spells.
Aiming: Pain
Press: ? - help, Shift-Dir - straight line, f/p - hornet
Aim: a hornet (lightly wounded, chance to defeat MR: 73%)
The hornet writhes in agony!
* * * LOW HITPOINT WARNING * * *
You feel sick. The hornet stings you!
You die...

#.............# ####.# #....
#.........#...# #....# #####
#.........#...# #....#
#.........#...# #....#
#.........#...####....#
#.........#.>.........#
#.........#...####....#
#...).....##.#####....##
#.........##@##........#
#.........##y###.#####.##
#.........##.# #.# #....
#.........##.# #.# #...##
#####.........##.###.####.#.#####
..............##...y.............
#####.........######.####........
#......<#...#.# #.# #......# #
#.#####.....# #y###....#.# #


You could see a hornet.

Vanquished Creatures
  An orc priest (D:3)
  An adder (D:2)
  2 worms (D:2)
  2 dart slugs
  2 leopard geckos
  2 orcs (D:3)
  2 ball pythons
  7 bats
  3 giant cockroaches
  10 goblins
  4 hobgoblins
  5 jackals
  8 kobolds
  2 frilled lizards
  A rat (D:1)
52 creatures vanquished.

Notes
Turn   | Place    | Note
-------+----------+-------------------------------------------
     0 | D:1      | Zubo the Human Necromancer began the quest for the Orb.
     0 | D:1      | Reached XP level 1. HP: 13/13 MP: 3/3
   505 | D:1      | Reached XP level 2. HP: 13/19 MP: 0/5
  1003 | D:1      | Reached XP level 3. HP: 23/24 MP: 4/6
  1447 | D:1      | Reached skill level 5 in Necromancy
  2270 | D:2      | Reached XP level 4. HP: 30/30 MP: 5/7
  2874 | D:2      | Found a faded altar of an unknown god.
  3180 | D:3      | Reached skill level 6 in Necromancy
  3180 | D:3      | Reached XP level 5. HP: 8/35 MP: 1/8
  3552 | D:3      | Noticed a hornet
  3590 | D:3      | Slain by a hornet

Skill      XL: |  1  2  3  4 |
---------------+-------------+-----
Necromancy     | 5 6 |  6.0
Dodging        | |  2.0
Stealth        | |  2.0
Spellcasting   | |  2.0

Action                   |  1- 3 |  4- 6 || total
-------------------------+-------+-------++-------
Melee: Unarmed           |     2 |       ||     2
       Short sword       |     7 |    16 ||    23
 Cast: Pain              |    57 |    41 ||    98
  Use: Scroll            |     3 |     3 ||     6
  Eat: Chunk             |     5 |     4 ||     9
Armor: Robe              |     4 |     9 ||    13
Dodge: Dodged            |    28 |    18 ||    46
